AoeStats
← chungwong0709

Arabia

510279580Analyzed
1v1 RM · 1d ago on Sep 30, 2026· 27m 8s· 2 players
Game mode
Random Map
Map size
Tiny (2 player)
Population
200
Speed
Normal
Resources
Standard
Victory
Conquest
Starting age
Dark Age
Ending age
Imperial Age
RankedLock teamsTeams togetherTeam positionsShared explorationLock speedFull tech treeHidden civsTurbo modeCheats
Victory
Defeat
🇭🇰 Huns · Hong Kong SAR China
872
+17
🇫🇷 Malians · France
883
-17
chungwong0709
0:26 Loom
11:06 Feudal Age
15:53 Castle Age
14:35 Padded Archer Armor
15:22 Fletching
15:48 Double-Bit Axe
21:46 Bodkin Arrow
22:36 Horse Collar
23:09 Bloodlines
26:13 Leather Archer Armor
worms_79
7:05 Loom
9:50 Feudal Age
10:36 Double-Bit Axe
11:00 Horse Collar
18:54 Town Watch
21:16 Castle Age
20:41 Fletching
22:03 Crossbowman
22:39 Elite Skirmisher
24:52 Bodkin Arrow
Connection lost

Rejoining the realm…

Still unreachable

The connection could not be restored.

Session expired

The server has moved on; the page needs a fresh start.